AoeStats
← Zy_Dragneel

Arabian Desert

510647291Analyzed
1v1 RM · 14h ago on Oct 2, 2026· 30m 11s· 2 players
Game mode
Random Map
Map size
Tiny (2 player)
Population
200
Speed
Normal
Resources
Standard
Victory
Conquest
Starting age
Dark Age
Ending age
Imperial Age
RankedLock teamsTeams togetherTeam positionsShared explorationLock speedFull tech treeHidden civsTurbo modeCheats
Victory
Defeat
🇦🇷 Magyars · Argentina
1470
+15
🇺🇸 Bulgarians · United States
1457
-15
Naughty Possum
6:49 Loom
10:00 Feudal Age
10:33 Double-Bit Axe
20:46 Wheelbarrow
20:16 Horse Collar
22:39 Castle Age
20:32 Gold Mining
21:58 Fletching
24:11 Bodkin Arrow
24:22 Pikeman
27:35 Scale Mail Armor
Zy_Dragneel
6:37 Loom
9:02 Feudal Age
9:53 Double-Bit Axe
21:01 Castle Age
19:08 Scale Barding Armor
19:25 Gold Mining
19:50 Bloodlines
19:56 Horse Collar
22:01 Chain Barding Armor
21:51 Husbandry
22:12 Bow Saw
28:12 Wheelbarrow
27:29 Fletching
28:55 Town Watch
30:39 Stone Mining
Connection lost

Rejoining the realm…

Still unreachable

The connection could not be restored.

Session expired

The server has moved on; the page needs a fresh start.